 Dungeon Crawl Stone Soup version 0.31-a0-675-g238779eb0a (webtiles) character file.

Game seed: 13315745573599878216

63 heikuro the Stinger (level 4, 30/30 HPs)
             Began as a Formicid Venom Mage on Sept 5, 2023.
             Was an Initiate of Kikubaaqudgha.
             Quit the game on level 3 of the Dungeon on Sept 6, 2023.
             The game lasted 00:05:29 (2243 turns).

heikuro the Stinger (Formicid Venom Mage)           Turns: 2243, Time: 00:05:29

Health: 30/30      AC:  2    Str: 12    XL:     4   Next: 30%
Magic:  8/8        EV: 27    Int: 17    God:    Kikubaaqudgha [......]
Gold:   63         SH:  0    Dex: 14    Spells: 5/8 levels left

rFire   . . .        d - +0 mace
rCold   . . .        (no shield)
rNeg    . . .        a - +0 robe
rPois   .            (helmet unavailable)
rElec   .            (no cloak)
rCorr   .            (no gloves)
SInv    +            (no boots)
Will    .....        n - amulet of the acrobat
Stlth   ++           (no ring)
HPRegen 0.25/turn    (no ring)
MPRegen 0.11/turn

%: acrobat
@: acrobatic
A: permanent stasis, dig shafts and tunnels, antennae 3, four strong arms
a: Dig, Shaft Self, Renounce Religion


You were on level 3 of the Dungeon.
You worshipped Kikubaaqudgha.
Kikubaaqudgha was noncommittal.
You visited 1 branch of the dungeon, and saw 3 of its levels.

You collected 63 gold pieces.

Inventory:

Hand Weapons
 d - a +0 mace (weapon)
Missiles
 c - a boomerang (quivered)
 j - 2 throwing nets
Armour
 a - a +0 robe (worn)
Jewellery
 n - an amulet of the acrobat (around neck)
Scrolls
 h - 3 scrolls of teleportation {unknown}
 i - a scroll of revelation {unknown}
 k - a scroll of fog {unknown}
 m - a scroll of identify {unknown}
 o - a scroll of acquirement {unknown}
 p - a scroll of fear {unknown}
Potions
 b - 2 potions of magic
 e - a potion of curing {unknown}
 f - 2 potions of brilliance {unknown}
 g - 2 potions of enlightenment {unknown}
 l - a potion of attraction {unknown}


   Skills:
 - Level 2.0 Dodging
 + Level 3.1 Stealth
 + Level 2.6 Spellcasting
 + Level 0.2 Necromancy
 + Level 2.0 Transmutations
 * Level 5.0 Poison Magic


You had 5 spell levels left.
You knew the following spells:

 Your Spells              Type           Power      Damage    Failure   Level
a - Sting                 Tmut/Pois      56%        1d5       4%          1
b - Poisonous Vapours     Pois/Air       20%        N/A       10%         2

Your spell library contained the following spells:

 Spells                   Type           Power      Damage    Failure   Level
 Olgreb's Toxic Radiance  Pois           19%        N/A       22%         4
 Mephitic Cloud           Conj/Pois/Air  8%         N/A       26%         3


Dungeon Overview and Level Annotations

Branches:
Dungeon (3/15)

Altars:
Gozag
Kikubaaqudgha


Innate Abilities, Weirdness & Mutations

You cannot be hasted, slowed, berserked, paralysed or teleported.
You can dig through walls and to a lower floor.
You have a pair of large antennae on your head. (SInv)
Your four strong arms can wield two-handed weapons with a shield.


Message History

You throw a boomerang.
The boomerang barely misses the endoplasm.
Unknown command.
Casting: Sting (safe; 4% risk of failure)
Confirm with . or Enter, or press ? or * to list all spells.
Aiming: Sting (safe; 4% risk of failure)
Press: ? - help, Shift-Dir - straight line, f/p - endoplasm
Aim: an endoplasm (98% to hit)
The sting hits the endoplasm.
The endoplasm partially resists.
The endoplasm is poisoned.
The endoplasm is moderately wounded.
The endoplasm freezes you.
You are frozen.
Casting: Sting (safe; 4% risk of failure)
Confirm with . or Enter, or press ? or * to list all spells.
Aiming: Sting (safe; 4% risk of failure)
Press: ? - help, Shift-Dir - straight line, f/p - endoplasm
Aim: an endoplasm (moderately wounded, poisoned, 98% to hit)
The sting hits the endoplasm.
The endoplasm partially resists.
The endoplasm is heavily wounded.
The endoplasm freezes you.
You are frozen.
You kill the endoplasm!
Kikubaaqudgha accepts your kill.
Your Transmutations skill increases to level 2!
Magic restored.
You now have 44 gold pieces (gained 2).
You now have 45 gold pieces (gained 1).
You now have 46 gold pieces (gained 1).
You now have 47 gold pieces (gained 1).
You now have 48 gold pieces (gained 1).
You now have 49 gold pieces (gained 1).
You now have 50 gold pieces (gained 1).
You now have 52 gold pieces (gained 2).
You now have 63 gold pieces (gained 11).
Found a stone staircase leading up.
Welcome back, heikuro the Formicid Venom Mage.
Kikubaaqudgha says: Spread unending torment and darkness!
Press ? for a list of commands and other information.
Are you sure you want to abandon this character and quit the game? (Confirm with "yes".)

### ..# #
#.# #.# .#
#.# #.# ..
#.#
#.###.##.#
#.#
#<.......#
#.# #@#
#.#######.#
#.........#
#........##
#.######.♣
#.# #♣♣ #.#
###♣ #.#
#..♣ #.#
#.#♣


There were no monsters in sight!

Vanquished Creatures
  An adder (D:2)
  3 worms (D:2)
  2 dart slugs
  2 bats
  4 endoplasms
  7 giant cockroaches
  2 goblins
  3 hobgoblins
  2 jackals (D:1)
  3 kobolds
  A quokka (D:1)
  A ball python (D:2)
  3 frilled lizards (D:1)
  3 rats
37 creatures vanquished.

Notes
Turn   | Place    | Note
-------+----------+-------------------------------------------
     0 | D:1      | heikuro the Formicid Venom Mage began the quest for the
                  | Orb.
     0 | D:1      | Reached XP level 1. HP: 13/13 MP: 3/3
   215 | D:1      | Reached XP level 2. HP: 19/19 MP: 1/5
   980 | D:1      | Reached XP level 3. HP: 21/24 MP: 6/6
  1808 | D:2      | Found an ancient bone altar of Kikubaaqudgha.
  1814 | D:2      | Became a worshipper of Kikubaaqudgha
  2025 | D:2      | Reached XP level 4. HP: 30/30 MP: 3/7
  2087 | D:2      | Reached skill level 5 in Poison Magic
  2095 | D:2      | Learned a level 2 spell: Poisonous Vapours
  2152 | D:3      | Found an opulent altar of Gozag.
  2243 | D:3      | Quit the game

Illustrated notes

Levels and vault maps discovered:
D:1:      shiori_arrival_maze, layout_basic
D:2:      layout_basic, basic_altar, minmay_misc_feat_four_crosses
D:3:      layout_loops_corners, nicolae_gozag_seed_capital,
          mainiacjoe_overflow_paths, serial_forest,
          infiniplex_forest_clump_large, infiniplex_forest_lined_2,
          infiniplex_forest_straight_5, infiniplex_forest_lined_3_way,
          infiniplex_forest_end_2, infiniplex_forest_lined_room_2,
          infiniplex_forest_zigzag_1

Skill      XL: |  1  2  3  4 |
---------------+-------------+-----
Dodging        | 2 |  2.0
Stealth        | 3 |  3.1
Poison Magic   | 5 |  5.0
Transmutations | 2 |  2.0
Spellcasting   | |  2.6
Necromancy     | |  0.2

Action                     |  1- 3 |  4- 6 || total
---------------------------+-------+-------++-------
  Melee: Mace              |    19 |     4 ||    23
         Punch             |     1 |       ||     1
  Throw: Boomerang         |    56 |     2 ||    58
   Cast: Sting             |    32 |     7 ||    39
 Armour: Robe              |    14 |    10 ||    24
  Dodge: Dodged            |    24 |    23 ||    47

Table legend: (Time is in decaauts)
 A = Elapsed time spent in this place.
 B = Non-inter-level travel time spent in this place.
 C = Inter-level travel time spent in this place.
 D = Time resting spent in this place.
 E = Time spent auto-exploring this place.
 F = Levels seen in this place.
 G = Mean time per level.
                   A        B        C        D        E       F      G
               +--------+--------+--------+--------+--------+-----+--------+
         Total |   2271 |   2169 |    102 |    144 |   1534 |   3 |  757.0 |
       Dungeon |   2271 |   2169 |    102 |    144 |   1534 |   3 |  757.0 |
               +--------+--------+--------+--------+--------+-----+--------+

Top non-repeatable levels by time:
     D:1: 1224 daAuts
     D:2: 924 daAuts
     D:3: 122 daAuts
